 Seeded DCSS version 0.28-a0-1518-gbe868bca14 (webtiles) character file.

Game seed: 16310193285228002068 (custom seed)

329939 wilfster70 the Omniscient (level 21, -10/226 HPs)
             Began as a Gnoll Summoner on Jan 13, 2022.
             Was the Champion of Ashenzari.
             Killed from afar by Margery (75 damage)
             ... with a bolt of fire
             ... on level 4 of the Vaults on Jan 16, 2022.
             The game lasted 03:33:08 (52194 turns).

wilfster70 the Omniscient (Gnoll Summoner)         Turns: 52194, Time: 03:33:09

Health: -10/226    AC: 36    Str: 17    XL:     21   Next: 73%
Magic:  42/42      EV: 19    Int: 24    God:    Ashenzari [******]
Gold:   1122       SH: 14    Dex: 13    Spells: 18/55 levels left

rFire   . . .      SeeInvis +   a - +6 trident "Free Will of Ashenzari" {vorpal, Elem, Range} (curse)
rCold   + . .      Faith    .   R - +1 kite shield "Mantic Ordeal" {Alch, Self} (curse)
rNeg    + . .      Spirit   .   (armour currently unavailable)
rPois   ∞          Reflect  .   F - +2 hat of Ashenzari's Oblivion {Stlth+, Alch, Elem} (curse)
rElec   +          Harm     .   B - +2 cloak of Toth-Mos's Legacy {Elem, Cun} (curse)
rCorr   .          Rampage  .   (gloves currently unavailable)
Will    ++...      Clarity  +   (boots currently unavailable)
Stlth   ++++++++..              E - amulet "Bitterness of Ashenzari" {RegenMP, Melee, Elem} (curse)
HPRegen 0.47/turn               L - ring of the Lashed Stars {rC+ Will+ Str+6, Elem, Range} (curse)
MPRegen 0.68/turn               p - ring of the Sphere {Fly Str+2 SInv, Comp, Bglg} (curse)

@: statue-form, flying, very slow
A: slow and powerful, torment resistance 1, boosted hp, fangs 1, strong nose,
distributed training
}: 2/15 runes: serpentine, barnacled
a: End Transformation, Renounce Religion, Shatter the Chains


You were on level 4 of the Vaults.
You worshipped Ashenzari.
Ashenzari was exalted by your worship.
You were a living statue of rough stone.
You visited 6 branches of the dungeon, and saw 35 of its levels.
You also visited: Ossuary and Bailey.

You collected 3936 gold pieces.
You spent 2814 gold pieces at shops.

Inventory:

Hand Weapons
 a - the cursed +6 trident "Free Will of Ashenzari" (weapon) {vorpal, Elem, Range}
   (You took it off a merfolk impaler on level 4 of the Shoals)

   It inflicts extra damage upon your enemies.
   It has a curse which improves the following skills: Elements: Fire Magic, Ice
   Magic, Air Magic and Earth Magic.
   Ranged Combat: Slings, Bows, Crossbows and Throwing.
Missiles
 e - 3 throwing nets
 j - 36 poisoned darts
 k - 4 curare-tipped darts
 O - 16 javelins
Armour
 A - the +18 shield of the Gong {rElec rN+ Will+ EV-5}
   (You found it on level 1 of the Vaults)

   It is deafeningly noisy when blocking attacks.
   EV:        It affects your evasion (-5).
   rElec:     It insulates you from electricity.
   rN:        It protects you from negative energy.
   Will:      It increases your willpower.
 B - the cursed +2 cloak of Toth-Mos's Legacy (worn) {Elem, Cun}
   (You found it on level 9 of the Dungeon)

   It has a curse which improves the following skills: Elements: Fire Magic, Ice
   Magic, Air Magic and Earth Magic.
   Cunning:   Dodging and Stealth.
 D - the cursed +2 acid dragon scales "Ruined Together" (melded) {rCorr, Range, Elem}
   (You found it on level 11 of the Dungeon)

   rCorr:     It protects you from acid and corrosion.
   It has a curse which improves the following skills: Ranged Combat: Slings,
   Bows, Crossbows and Throwing.
   Elements:  Fire Magic, Ice Magic, Air Magic and Earth Magic.
 F - the cursed +2 hat of Ashenzari's Oblivion (worn) {Stlth+, Alch, Elem}
   (You took it off Gastronok on level 1 of the Lair of Beasts)

   It has a curse which improves the following skills: Alchemy: Poison Magic and
   Transmutations.
   Elements:  Fire Magic, Ice Magic, Air Magic and Earth Magic.
 N - the cursed +2 pair of boots "Profound Optimism" (melded) {rPois Int+3 Stlth+, Melee, Fort}
   (You bought it in a shop on level 1 of the Orcish Mines)

   Int:       It affects your intelligence (+3).
   rPois:     It protects you from poison.
   Stlth:     It makes you more stealthy.
   It has a curse which improves the following skills: Melee Combat: Short
   Blades, Long Blades, Axes, Maces & Flails, Polearms, Staves and Unarmed
   Combat.
   Fortitude: Armour and Shields.
 P - a +3 troll leather armour
 Q - the cursed +2 pair of gloves of Ashenzari's Moon (melded) {hurl, Melee, Bglg}
   (You found it on level 10 of the Dungeon)

   It has a curse which improves the following skills: Melee Combat: Short
   Blades, Long Blades, Axes, Maces & Flails, Polearms, Staves and Unarmed
   Combat.
   Beguiling: Conjurations, Hexes and Translocations.
 R - the cursed +1 kite shield "Mantic Ordeal" (worn) {Alch, Self}
   (You found it on level 13 of the Dungeon)

   It has a curse which improves the following skills: Alchemy: Poison Magic and
   Transmutations.
   Introspection: Fighting and Spellcasting.
 V - a +2 cloak
Jewellery
 p - the cursed ring of the Sphere (right fist) {Fly Str+2 SInv, Comp, Bglg}
   (You bought it in a shop on level 1 of the Dungeon)

   [ring of see invisible]

   Str:       It affects your strength (+2).
   SInv:      It lets you see invisible.
   Fly:       It grants you flight.
   It has a curse which improves the following skills: Companions: Summonings
   and Necromancy.
   Beguiling: Conjurations, Hexes and Translocations.
 u - a +6 ring of strength
 E - the cursed amulet "Bitterness of Ashenzari" (around neck) {RegenMP, Melee, Elem}
   (You found it on level 13 of the Dungeon)

   [amulet of magic regeneration]

   It increases your rate of magic regeneration.
   It has a curse which improves the following skills: Melee Combat: Short
   Blades, Long Blades, Axes, Maces & Flails, Polearms, Staves and Unarmed
   Combat.
   Elements:  Fire Magic, Ice Magic, Air Magic and Earth Magic.
 L - the cursed ring of the Lashed Stars (left fist) {rC+ Will+ Str+6, Elem, Range}
   (You found it on level 4 of the Shoals)

   [ring of strength]

   Str:       It affects your strength (+6).
   rC:        It protects you from cold.
   Will:      It increases your willpower.
   It has a curse which improves the following skills: Elements: Fire Magic, Ice
   Magic, Air Magic and Earth Magic.
   Ranged Combat: Slings, Bows, Crossbows and Throwing.
Wands
 d - a wand of digging (14)
 f - a wand of polymorph (13)
 o - a wand of charming (30)
 y - a wand of iceblast (11)
 K - a wand of acid (4)
 M - a wand of flame (52)
 S - a wand of paralysis (4)
Scrolls
 b - 2 scrolls of amnesia
 n - 9 scrolls of teleportation
 s - 3 scrolls of silence
 v - 2 scrolls of holy word
 w - 5 scrolls of summoning
 C - 5 scrolls of fear
 I - 3 scrolls of blinking
 J - a scroll of magic mapping
 U - 4 scrolls of fog
Potions
 c - 5 potions of haste
 g - 5 potions of ambrosia
 h - 12 potions of mutation
 i - 2 potions of berserk rage
 l - 2 potions of invisibility
 m - 12 potions of curing
 q - 5 potions of cancellation
 r - a potion of heal wounds
 t - 5 potions of brilliance
 x - 5 potions of magic
 z - 6 potions of might
 G - a potion of resistance
Miscellaneous
 H - a tin of tremorstones (2/2)
 T - a box of beasts


   Skills:
 + Level 14.6(17.1) Fighting
 + Level 14.6(17.1) Short Blades
 + Level 14.6(17.1) Long Blades
 + Level 14.6(17.1) Axes
 + Level 14.6(17.1) Maces & Flails
 + Level 14.6(17.1) Polearms
 + Level 14.6(17.1) Staves
 + Level 14.6(18.5) Slings
 + Level 14.6(18.5) Bows
 + Level 14.6(18.5) Crossbows
 + Level 14.6(18.5) Throwing
 + Level 14.6 Armour
 + Level 15.3(17.8) Dodging
 + Level 15.2(17.7) Stealth
 + Level 14.6 Shields
 + Level 14.6(17.1) Unarmed Combat
 + Level 15.4(17.9) Spellcasting
 + Level 12.4(15.0) Conjurations
 + Level 12.4(15.0) Hexes
 + Level 14.2(16.7) Summonings
 + Level 12.4(15.0) Necromancy
 + Level 12.4(15.0) Translocations
 + Level 12.4(16.3) Transmutations
 + Level 12.4(19.6) Fire Magic
 + Level 12.4(19.6) Ice Magic
 + Level 12.4(19.6) Air Magic
 + Level 12.4(19.6) Earth Magic
 + Level 12.4(16.3) Poison Magic
 + Level 15.8 Invocations
 + Level 14.6 Evocations


You had 18 spell levels left.
You knew the following spells:

 Your Spells              Type           Power      Damage    Failure   Level
b - Statue Form           Tmut/Erth      54%        N/A       1%          6
c - Summon Lightning Spi  Summ/Air       83%        N/A       1%          4
d - Yara's Violent Unrav  Hex/Tmut       38%        3d15      1%          5
e - Passage of Golubria   Tloc           76%        N/A       1%          4
f - Iron Shot             Conj/Erth      40%        9d8       1%          6
g - Irradiate             Conj/Tmut      38%        3d26      1%          5
h - Borgnjor's Vile Clut  Necr/Erth      40%        N/A       1%          5
i - Passwall              Tmut/Erth      68%        N/A       0%          2

Your spell library contained the following spells:

 Spells                   Type           Power      Damage    Failure   Level
 Apportation              Tloc           100%       N/A       0%          1
 Freeze                   Ice            100%       1d11      0%          1
 Pain                     Necr           100%       1d9       0%          1
 Summon Small Mammal      Summ           100%       N/A       0%          1
 Call Imp                 Summ           80%        N/A       0%          2
 Corpse Rot               Necr/Air       100%       N/A       0%          2
 Ensorcelled Hibernation  Hex/Ice        100%       N/A       0%          2
 Poisonous Vapours        Pois/Air       100%       N/A       0%          2
 Sublimation of Blood     Necr           76%        N/A       0%          2
 Wereblood                Tmut           79%        N/A       0%          2
 Call Canine Familiar     Summ           80%        N/A       0%          3
 Frozen Ramparts          Ice            100%       1d12      0%          3
 Ignite Poison            Fire/Tmut/Pois 81%        N/A       0%          3
 Mephitic Cloud           Conj/Pois/Air  80%        N/A       0%          3
 Swiftness                Air            86%        N/A       0%          3
 Dazzling Flash           Conj/Hex       100%       N/A       1%          3
 Summon Guardian Golem    Hex/Summ       78%        N/A       1%          3
 Tukima's Dance           Hex            76%        N/A       1%          3
 Anguish                  Hex/Necr       38%        N/A       1%          4
 Animate Armour           Summ/Erth      100%       N/A       1%          4
 Animate Dead             Necr           38%        N/A       1%          4
 Hailstorm                Conj/Ice       81%        3d16      1%          4
 Leda's Liquefaction      Hex/Erth       40%        N/A       1%          4
 Petrify                  Tmut/Erth      82%        N/A       1%          4
 Agony                    Necr           76%        N/A       1%          5
 Alistair's Intoxication  Tmut/Pois      52%        N/A       1%          5
 Blade Hands              Tmut           39%        N/A       1%          5
 Excruciating Wounds      Necr           38%        N/A       1%          5
 Freezing Cloud           Conj/Ice/Air   41%        6-21      1%          5
 Lee's Rapid Deconstruct  Erth           43%        3d22*     1%          5
 Conjure Ball Lightning   Conj/Air       40%        3x3d13    1%          6
 Eringya's Noxious Bog    Tmut/Pois      39%        N/A       1%          6
 Storm Form               Tmut/Air       41%        N/A       2%          7
 Summon Hydra             Summ           40%        N/A       3%          7
 Haunt                    Necr/Summ      39%        N/A       5%          7
 Maxwell's Capacitive Co  Air            43%        ∞         9%          8
 Discord                  Hex            38%        N/A       50%         8
 Disjunction              Tloc           38%        N/A       50%         8
 Infestation              Necr           38%        N/A       50%         8


Dungeon Overview and Level Annotations

Branches:
Dungeon (15/15)            Temple (0/1) D:6            Lair (6/6) D:11
 Shoals (4/4) Lair:2        Snake (4/4) Lair:4        Slime (0/5) Lair:6
    Orc (2/2) D:11            Elf (0/3) Orc:2        Vaults (4/5) D:13
  Crypt (0/3) Vaults:2     Depths (0/4) D:15        Ossuary (visited)
 Bailey (visited)

Altars:
Ashenzari
Cheibriados
Dithmenos
Elyvilon
Fedhas
Gozag
Nemelex Xobeh
Okawaru
Qazlal
Vehumet
Xom
Jiyva

Shops:
D:1 =   D:4 (   D:14 :   D:15 **   Orc:1 [*[[?   Orc:2 (:*   Shoals:1 (
Shoals:3 [   Snake:2 *!:=   Snake:4 ?   Vaults:2 *

Portals:
Trove: D:13 (give +9 ring of intelligence)

Annotations:
Lair:2 exclusion: ice statue
Shoals:1 3 runed translucent doors, Fiono's ghost, adept GnTm; Omuuso Hoqa's ghost, adept MiCA; Weimiffu's ghost, adept DDEE; qborf's ghost, adept GnWn
Vaults:3 1 runed translucent door, exclusion: door, Totups's ghost, adept DjVM
Vaults:4 Margery


Innate Abilities, Weirdness & Mutations

You are a living statue of rough stone.
Your actions are slow, but your melee attacks are powerful.
You are resistant to unholy torment.
Your maximum health is greatly increased.
You are immune to poison.
Your equipment is partially melded.
You have very sharp teeth.
Your uncanny sense of smell can sniff out nearby items.
Your experience applies equally to all skills.


Message History

The bolt of fire hits you!!
You are too injured to fight recklessly!
You are too injured to fight recklessly!
Reach: a) +6 trident "Free Will of Ashenzari" {vorpal, Elem, Range} (curse)
Press: ? - help, Dir - move target, f/p - Margery
Aim: Margery, wielding a +5 demon blade and wearing +1 fire dragon scales (heavily wounded, ally target, about 22% to evade the cursed +6 trident "Free Will of Ashenzari")
You reach to attack!
You impale Margery!!
Margery is severely wounded.
Reach: a) +6 trident "Free Will of Ashenzari" {vorpal, Elem, Range} (curse)
Press: ? - help, Dir - move target, f/p - Margery
Aim: Margery, wielding a +5 demon blade and wearing +1 fire dragon scales (severely wounded, ally target, about 22% to evade the cursed +6 trident "Free Will of Ashenzari")
You impale Margery!!
Margery is severely wounded.
Margery hits you with a +5 demon blade.
Your lightning spire shoots out a bolt of lightning at Margery!
The bolt of electricity hits Margery!
Reach: a) +6 trident "Free Will of Ashenzari" {vorpal, Elem, Range} (curse)
Press: ? - help, Dir - move target, f/p - Margery
Aim: Margery, wielding a +5 demon blade and wearing +1 fire dragon scales (almost dead, ally target, about 22% to evade the cursed +6 trident "Free Will of Ashenzari")
You barely miss Margery.
Margery is almost dead.
You block Margery's attack.
Reach: a) +6 trident "Free Will of Ashenzari" {vorpal, Elem, Range} (curse)
Press: ? - help, Dir - move target, f/p - Margery
Aim: Margery, wielding a +5 demon blade and wearing +1 fire dragon scales (almost dead, ally target, about 22% to evade the cursed +6 trident "Free Will of Ashenzari")
You hit Margery but do no damage.
Margery is almost dead.
Margery hits you with a +5 demon blade!!
Reach: a) +6 trident "Free Will of Ashenzari" {vorpal, Elem, Range} (curse)
Press: ? - help, Dir - move target, f/p - Margery
Aim: Margery, wielding a +5 demon blade and wearing +1 fire dragon scales (almost dead, ally target, about 22% to evade the cursed +6 trident "Free Will of Ashenzari")
You puncture Margery!
Margery is almost dead.
Margery hits you with a +5 demon blade!
* * * LOW HITPOINT WARNING * * *
You puncture Margery! You bite Margery, but do no damage.
Margery is almost dead.
Margery casts a spell at you. The bolt of fire hits you!!!!
You die...

* * ** ###.... ... ,**
####.... ## ,,...,, ##
#####.... #.. *...
..#######....
##.###.###.#########'##
##...#...#...###........
#..........<..##........
#...#...#...###........
##.###8###.####........
#...#..@#...###........
*#.........####....)...
##.#..8#.#####........
####.########.[......
####'########........
###.[.......'........ **
*###...#.###.#........
..#...##..#.#........


You could see Margery (ally target) and a friendly lightning spire (summoned).

Vanquished Creatures
  Mara (Vaults:4)
  Bai Suzhen (Vaults:4)
  Jorgrun (D:13)
  Mlioglotl (Shoals:4)
  A titan (Vaults:4)
  A quicksilver dragon (Snake:4)
  Gastronok (Lair:1)
  Frances (Shoals:2)
  2 sphinxes
  The ghost of Wukum the Severer, a journeyman MiFi of Gozag (Snake:3)
  7 vault wardens
  3 nagarajas (Snake:4)
  A frost giant (Vaults:3)
  Louise (Shoals:1)
  6 ironbound thunderhulks
  3 stone giants
  13 ironbound preservers
  8 very ugly things
  3 war gargoyles
  6 dire elephants
  2 entropy weavers
  A crystal guardian (Vaults:4)
  2 merfolk javelineers (Shoals:4)
  Snorg (D:12)
  3 merfolk impalers (Shoals:4)
  3 great orbs of eyes
  2 hydras
  8 yaktaur captains
  11 naga warriors
  2 salamander tyrants (Snake:2)
  2 peacekeepers
  The ghost of NigelTetley the Blocker, a journeyman FoFi of Okawaru (D:10)
  8 vault guards
  An alligator snapping turtle (Shoals:2)
  A death knight (D:7)
  2 merfolk aquamancers (Shoals:1)
  A merfolk avatar (Shoals:1)
  6 boulder beetles
  6 ironbound frosthearts
  9 anacondas
  3 two-headed ogres (D:12)
  A tengu warrior (D:15)
  5 death yaks
  6 centaur warriors
  A satyr (Shoals:3)
  3 orc high priests (Orc:2)
  7 shock serpents
  11 naga sharpshooters
  Urug (Orc:1)
  6 hell knights (Vaults:4)
  A deep elf knight (Snake:1)
  3 sea snakes (Shoals:2)
  6 skeletal warriors (Vaults:2)
  3 salamander mystics
  35 deep trolls
  A deep elf archer (Snake:1)
  2 glowing orange brains
  4 naga ritualists
  12 ironbound convokers
  A phantasmal warrior (Vaults:4)
  26 harpies
  24 ugly things
  4 orc knights
  5 cyclopes
  A wolf spider (Lair:5)
  8 mana vipers
  A tengu skeleton (Vaults:2)
  13 wizards
  3 lindwurms (Vaults:2)
  A wolf spider (shapeshifter) (Vaults:4)
  A deep elf pyromancer (D:12)
  2 nameless horrors (Shoals:1)
  2 orc sorcerers (Orc:2)
  6 manticores
  A sphinx skeleton (Vaults:2)
  Maurice (D:13)
  A moth of wrath (D:10)
  19 vault sentinels
  3 centaur zombies
  6 elephants
  18 salamanders
  A merfolk siren (Shoals:3)
  2 fire giant skeletons (Vaults:2)
  A frost giant skeleton (Vaults:2)
  10 naga magi
  41 black mambas
  6 guardian serpents
  A torpor snail (Lair:5)
  2 cane toads (Lair:4)
  2 gargoyles
  A water nymph (Shoals:2)
  An unseen horror (D:10)
  6 komodo dragons
  22 yaktaurs
  A rime drake (Lair:2)
  Psyche (D:12)
  An efreet (D:15)
  A tengu conjurer (D:13)
  3 human skeletons (Vaults:2)
  4 polar bears
  A queen bee (Lair:2)
  3 trolls
  12 merfolk
  4 wind drakes
  A hornet (Lair:6)
  4 meliai
  15 slime creatures
  A tyrant leech (shapeshifter) (Vaults:2)
  7 dream sheep
  2 blink frogs (Lair:1)
  A raiju (shapeshifter) (D:14)
  A snapping turtle (Shoals:2)
  An ettin skeleton (Vaults:2)
  A culicivora (Vaults:3)
  Sigmund (D:5)
  4 water elementals
  9 spriggans
  A shadow (D:7)
  8 yaks
  A wyvern (Lair:3)
  6 hogs (Shoals:4)
  8 humans (D:13)
  A basilisk (Lair:6)
  A fire elemental (D:15)
  2 redbacks (Vaults:2)
  8 vampire mosquitoes
  A warg (D:11)
  2 elf skeletons (Vaults:2)
  20 nagas
  2 acid dragons
  6 water moccasins
  5 hell hounds
  5 ice beasts
  An ogre skeleton (Vaults:2)
  14 orc warriors
  3 black bears
  A sky beast (D:5)
  A necrophage (D:6)
  10 wolves
  6 ogres
  A boggart (Lair:6)
  5 centaurs
  7 bullfrogs
  2 wyvern zombies
  20 killer bees
  A vampire bat (Bailey)
  3 howler monkeys
  2 electric eels (Lair:2)
  A wolf zombie (Bailey)
  A hound (D:4)
  4 jellies
  A centaur skeleton (D:6)
  8 orc priests
  A gnoll shaman (D:4)
  An iguana (D:5)
  11 orc wizards
  A hound zombie (D:5)
  A mummy (Ossuary)
  A hound skeleton (D:5)
  A gnoll (D:6)
  7 adders
  An ufetubus (D:6)
  3 worms
  25 orcs
  4 endoplasms
  5 giant cockroaches
  3 goblins
  7 jackals
  A quokka (D:3)
  7 ball pythons
  5 bats
  3 frilled lizards (D:2)
  3 kobolds
  9 orc zombies (Bailey)
  3 rats
839 creatures vanquished.

Vanquished Creatures (collateral kills)
  A quicksilver dragon (Snake:4)
  A sphinx (Vaults:4)
  The ghost of Voveif the Covert, an adept VSFi of Uskayaw (Snake:1)
  Kirke (Shoals:4)
  3 orc warlords
  A nagaraja (Snake:4)
  2 vault wardens
  Aizul (Lair:4)
  3 ironbound preservers
  An ironbound thunderhulk (Vaults:2)
  A very ugly thing (Vaults:3)
  Azrael (D:15)
  5 dire elephants
  4 merfolk javelineers
  3 merfolk impalers
  2 boulder beetles
  4 naga warriors
  4 yaktaur captains
  2 vault guards (D:13)
  A rakshasa (D:15)
  3 salamander tyrants (Snake:4)
  Erolcha (D:9)
  6 hydras
  A merfolk avatar (Shoals:1)
  An ironbound frostheart (Vaults:3)
  2 merfolk aquamancers
  3 two-headed ogres
  A centaur warrior (Vaults:1)
  An alligator snapping turtle (Shoals:1)
  2 naga sharpshooters
  9 death yaks
  A shock serpent (Snake:3)
  A tengu warrior (D:15)
  An orc high priest (Orc:2)
  A salamander mystic (Snake:4)
  15 deep trolls
  An orb spider (shapeshifter) (D:10)
  3 ironbound convokers
  2 mana vipers (Snake:4)
  7 harpies
  3 orc knights
  4 naga ritualists
  6 ugly things
  A phantasmal warrior (Vaults:4)
  3 manticores (Shoals:2)
  7 salamanders
  An orc sorcerer (Orc:2)
  4 fauns (Shoals:2)
  A cyclops (D:13)
  9 vault sentinels
  16 black mambas
  2 guardian serpents
  6 elephants
  A merfolk siren (Shoals:1)
  5 naga magi
  A water nymph (Shoals:4)
  4 cane toads
  A torpor snail (Lair:5)
  5 yaktaurs
  6 komodo dragons
  2 rime drakes (Lair:2)
  2 nameless horrors
  12 merfolk
  An ice devil (Lair:2)
  A troll (Orc:1)
  A meliai (shapeshifter) (D:11)
  2 meliai (D:15)
  4 polar bears
  2 wind drakes
  5 hornets
  A wolf spider simulacrum (D:13)
  5 snapping turtles
  A tarantella (Vaults:3)
  3 dream sheep
  Prince Ribbit (D:9)
  15 blink frogs
  9 slime creatures
  6 spriggans (Lair:6)
  A vampire (Bailey)
  2 water elementals (Shoals:1)
  17 yaks
  A wraith (D:10)
  A human (D:13)
  4 basilisks
  5 wyverns
  A fire elemental (D:15)
  A hog (Shoals:4)
  A redback (Vaults:3)
  A steam dragon (Lair:2)
  4 vampire mosquitoes
  19 nagas
  7 water moccasins
  2 acid dragons
  A hell hound (D:15)
  17 orc warriors
  6 black bears
  4 ice beasts
  6 ogres
  3 boggarts (Lair:6)
  A necrophage (D:7)
  22 wolves
  A centaur (D:8)
  A kobold brigand (D:8)
  4 bullfrogs
  2 gnoll sergeants
  A scorpion (D:5)
  15 killer bees
  6 wights (D:9)
  6 vampire bats (Bailey)
  5 wolf zombies (Bailey)
  9 orc priests
  A bullfrog skeleton (D:5)
  2 hounds (D:6)
  2 gnoll shamans
  An iguana (D:6)
  16 orc wizards
  8 mummies
  3 howler monkey zombies
  19 gnolls
  An adder (D:4)
  A shadow imp (D:7)
  2 white imps (Lair:2)
  41 orcs
  A ball python (D:3)
  3 endoplasms
  2 goblins
  A hobgoblin (D:1)
  3 jackals
  2 quokkas (D:1)
  2 bats
  3 frilled lizards (D:3)
  3 hobgoblin zombies (Ossuary)
  5 kobolds (D:8)
  A kobold zombie (Ossuary)
  15 orc zombies
578 creatures vanquished.

Vanquished Creatures (others)
  A wizard (Vaults:3)
  A tengu conjurer (D:13)
  A dream sheep (Shoals:2)
  A human (D:13)
  A killer bee (Lair:2)
  54 fungi
  120 plants
  3 withered plants
182 creatures vanquished.

Grand Total: 1599 creatures vanquished

Notes
Turn   | Place    | Note
-------+----------+-------------------------------------------
     0 | D:1      | wilfster70 the Gnoll Summoner began the quest for the Orb.
     0 | D:1      | Reached XP level 1. HP: 13/13 MP: 6/6
   206 | D:1      | Found a faded altar of an unknown god.
   301 | D:1      | Reached XP level 2. HP: 10/19 MP: 5/7
   449 | D:1      | Found Vingojas's One-of-a-Kind Rings.
   773 | D:1      | You fall into a shaft and drop 1 floor!
  1049 | D:2      | Reached XP level 3. HP: 22/25 MP: 6/9
  1084 | D:2      | Learned a level 3 spell: Call Canine Familiar
  1113 | D:2      | Reached skill level 5 in Spellcasting
  1393 | D:2      | Found a broken altar of Ashenzari.
  1407 | D:2      | Became a worshipper of Ashenzari the Shackled
  1637 | D:2      | Reached skill level 1 in Invocations
  2288 | D:3      | Reached skill level 1 in Fighting
  2288 | D:3      | Reached skill level 1 in Short Blades
  2288 | D:3      | Reached skill level 1 in Long Blades
  2288 | D:3      | Reached skill level 1 in Axes
  2288 | D:3      | Reached skill level 1 in Maces & Flails
  2288 | D:3      | Reached skill level 1 in Polearms
  2288 | D:3      | Reached skill level 1 in Staves
  2288 | D:3      | Reached skill level 1 in Slings
  2288 | D:3      | Reached skill level 1 in Bows
  2288 | D:3      | Reached skill level 1 in Crossbows
  2288 | D:3      | Reached skill level 1 in Throwing
  2288 | D:3      | Reached skill level 1 in Armour
  2288 | D:3      | Reached skill level 1 in Shields
  2288 | D:3      | Reached skill level 1 in Unarmed Combat
  2288 | D:3      | Reached skill level 1 in Evocations
  2351 | D:3      | Reached XP level 4. HP: 25/32 MP: 7/11
  2469 | D:3      | Found a sparkling altar of Nemelex Xobeh.
  2564 | D:3      | Reached skill level 1 in Conjurations
  2564 | D:3      | Reached skill level 1 in Hexes
  2564 | D:3      | Reached skill level 1 in Necromancy
  2564 | D:3      | Reached skill level 1 in Translocations
  2564 | D:3      | Reached skill level 1 in Transmutations
  2564 | D:3      | Reached skill level 1 in Fire Magic
  2564 | D:3      | Reached skill level 1 in Ice Magic
  2564 | D:3      | Reached skill level 1 in Air Magic
  2564 | D:3      | Reached skill level 1 in Earth Magic
  2564 | D:3      | Reached skill level 1 in Poison Magic
  3191 | D:3      | Reached XP level 5. HP: 37/37 MP: 12/12
  3289 | D:4      | Found Hupled's Antique Weapon Shoppe.
  3355 | D:4      | Found a sand-covered staircase.
  3370 | Ossuary  | Entered an ossuary
  3402 | Ossuary  | Learned a level 4 spell: Summon Lightning Spire
  3462 | Ossuary  | Reached XP level 6. HP: 43/44 MP: 9/13
  3798 | Ossuary  | Reached skill level 5 in Dodging
  3949 | D:4      | Found a stormy altar of Qazlal.
  4049 | D:4      | Reached * piety under Ashenzari
  4159 | D:1      | Bought the ring "Toziur" {Fly Str+2 SInv} for 283 gold
                  | pieces
  4411 | D:4      | Reached XP level 7. HP: 13/51 MP: 12/16
  4656 | D:4      | Found an iron altar of Okawaru.
  4656 | D:4      | Found a blossoming altar of Fedhas.
  4658 | D:4      | Found an opulent altar of Gozag.
  4667 | D:4      | Reached skill level 5 in Fighting
  4667 | D:4      | Reached skill level 5 in Short Blades
  4667 | D:4      | Reached skill level 5 in Long Blades
  4667 | D:4      | Reached skill level 5 in Axes
  4667 | D:4      | Reached skill level 5 in Maces & Flails
  4667 | D:4      | Reached skill level 5 in Polearms
  4667 | D:4      | Reached skill level 5 in Staves
  4667 | D:4      | Reached skill level 5 in Slings
  4667 | D:4      | Reached skill level 5 in Bows
  4667 | D:4      | Reached skill level 5 in Crossbows
  4667 | D:4      | Reached skill level 5 in Throwing
  4667 | D:4      | Reached skill level 5 in Armour
  4667 | D:4      | Reached skill level 5 in Shields
  4667 | D:4      | Reached skill level 5 in Unarmed Combat
  4667 | D:4      | Reached skill level 5 in Invocations
  4667 | D:4      | Reached skill level 5 in Evocations
  4667 | D:4      | Reached XP level 8. HP: 64/64 MP: 17/20
  5168 | D:5      | Entered Level 5 of the Dungeon
  5235 | D:5      | Found a snail-covered altar of Cheibriados.
  5244 | D:5      | Found a radiant altar of Vehumet.
  5269 | D:5      | Reached ** piety under Ashenzari
  5472 | D:5      | Noticed Sigmund
  5474 | D:5      | Killed Sigmund
  5886 | D:5      | Reached XP level 9. HP: 71/71 MP: 16/21
  6411 | D:6      | Found a staircase to the Ecumenical Temple.
  7636 | D:7      | Found a flagged portal.
  7669 | Bailey   | Entered a bailey
  8007 | Bailey   | Noticed a gargoyle
  8022 | Bailey   | Killed a gargoyle
  8023 | Bailey   | Reached XP level 10. HP: 76/79 MP: 11/23
  8344 | Bailey   | Identified the +1 scale mail "Tiekk" {rC+ rCorr Str-4}
  8828 | D:7      | Reached skill level 5 in Conjurations
  8828 | D:7      | Reached skill level 5 in Hexes
  8828 | D:7      | Reached skill level 5 in Necromancy
  8828 | D:7      | Reached skill level 5 in Translocations
  8828 | D:7      | Reached skill level 5 in Transmutations
  8828 | D:7      | Reached skill level 5 in Fire Magic
  8828 | D:7      | Reached skill level 5 in Ice Magic
  8828 | D:7      | Reached skill level 5 in Air Magic
  8828 | D:7      | Reached skill level 5 in Earth Magic
  8828 | D:7      | Reached skill level 5 in Poison Magic
  9128 | D:7      | Noticed a death knight
 10236 | D:8      | Noticed a two-headed ogre
 10281 | D:8      | Killed a two-headed ogre
 10941 | D:8      | Reached *** piety under Ashenzari
 11784 | D:9      | Reached **** piety under Ashenzari
 11791 | D:9      | Learned a level 5 spell: Yara's Violent Unravelling
 11920 | D:9      | Noticed Prince Ribbit
 11929 | D:9      | Killed Prince Ribbit
 11930 | D:9      | Reached XP level 11. HP: 87/87 MP: 18/25
 12082 | D:9      | Noticed Erolcha
 12094 | D:9      | Killed Erolcha
 12256 | D:10     | Entered Level 10 of the Dungeon
 12374 | D:10     | Found a transporter.
 12375 | D:10     | Noticed a moth of wrath
 12375 | D:10     | Noticed NigelTetley's ghost (journeyman FoFi)
 12570 | D:10     | Found a transporter.
 12589 | D:10     | Noticed an orb spider
 12597 | D:10     | Killed an orb spider
 12918 | D:11     | Found a staircase to the Orcish Mines.
 13136 | D:11     | Noticed a two-headed ogre
 13153 | D:11     | Killed a two-headed ogre
 13312 | D:11     | Found a staircase to the Lair.
 13641 | Lair:1   | Entered Level 1 of the Lair of Beasts
 13714 | Lair:1   | Noticed Gastronok
 13747 | Lair:1   | Killed Gastronok
 14305 | Lair:1   | Learned a level 4 spell: Passage of Golubria
 14508 | Lair:1   | Reached XP level 12. HP: 62/91 MP: 16/24
 15470 | Lair:2   | Found a gate leading to a gauntlet.
 16886 | Lair:2   | Found a staircase to the Shoals.
 17120 | Lair:2   | Found a shimmering altar of Xom.
 17594 | Lair:3   | Reached ***** piety under Ashenzari
 18222 | Lair:3   | Reached XP level 13. HP: 98/98 MP: 17/26
 18402 | Lair:4   | Found the +8 frozen axe "Frostbite" {freezing cloud, *Noise
                  | Fly rC+}
 18468 | Lair:4   | Found a staircase to the Snake Pit.
 18548 | Lair:4   | Reached skill level 10 in Summonings
 18654 | Lair:4   | Learned a level 6 spell: Iron Shot
 19765 | Lair:5   | Reached skill level 10 in Spellcasting
 20440 | Lair:4   | Reached skill level 10 in Dodging
 20936 | Lair:5   | Reached XP level 14. HP: 82/108 MP: 10/28
 21101 | Lair:5   | Reached skill level 10 in Stealth
 21682 | Lair:6   | Entered Level 6 of the Lair of Beasts
 21844 | Lair:4   | Reached skill level 10 in Invocations
 22144 | Lair:6   | Upgraded the game from 0.28-a0-1505-g8c907de6ad to
                  | 0.28-a0-1510-gd0f6b136d3
 22147 | Lair:6   | Found a staircase to the Slime Pits.
 22148 | Lair:6   | Found a viscous altar of Jiyva.
 24491 | Orc:1    | Entered Level 1 of the Orcish Mines
 24520 | Orc:1    | Found Kavun's Antique Armour Shop.
 24556 | Orc:1    | Bought a pair of faintly glowing boots for 313 gold pieces
 24556 | Orc:1    | Identified the +2 pair of boots of Sandy Lucidity {rPois
                  | Int+3 Stlth+} (You bought it in a shop on level 1 of the
                  | Orcish Mines)
 24583 | Orc:1    | Found Etebb's Antique Armour Shoppe.
 24602 | Orc:1    | Noticed Urug
 24608 | Orc:1    | Killed Urug
 24675 | Orc:1    | Found Kiheiluu's Magic Scroll Shop.
 24816 | Orc:1    | Noticed an orc warlord
 24867 | D:11     | Reached XP level 15. HP: 115/115 MP: 30/30
 24873 | D:11     | Learned a level 5 spell: Irradiate
 24898 | D:11     | Killed an orc warlord
 25193 | Orc:1    | Found Ruigi's Assorted Antiques.
 25260 | Orc:2    | Entered Level 2 of the Orcish Mines
 25366 | Orc:1    | Found Gymenar's Armour Shop.
 25531 | Orc:2    | Found a staircase to the Elven Halls.
 25952 | Orc:2    | Reached skill level 10 in Fighting
 25952 | Orc:2    | Reached skill level 10 in Short Blades
 25952 | Orc:2    | Reached skill level 10 in Long Blades
 25952 | Orc:2    | Reached skill level 10 in Axes
 25952 | Orc:2    | Reached skill level 10 in Maces & Flails
 25952 | Orc:2    | Reached skill level 10 in Polearms
 25952 | Orc:2    | Reached skill level 10 in Staves
 25952 | Orc:2    | Reached skill level 10 in Slings
 25952 | Orc:2    | Reached skill level 10 in Bows
 25952 | Orc:2    | Reached skill level 10 in Crossbows
 25952 | Orc:2    | Reached skill level 10 in Throwing
 25952 | Orc:2    | Reached skill level 10 in Armour
 25952 | Orc:2    | Reached skill level 10 in Shields
 25952 | Orc:2    | Reached skill level 10 in Unarmed Combat
 25952 | Orc:2    | Reached skill level 10 in Evocations
 26145 | Orc:2    | Noticed an orc warlord
 26165 | Orc:2    | Killed an orc warlord
 26717 | Orc:2    | Found Libriducsuu's Antique Armour Emporium.
 26721 | Orc:2    | Found Pibrux's General Store.
 26722 | Orc:2    | Found Dojolun's Book Emporium.
 26723 | Orc:2    | Found Haochuud's Antique Weapon Shoppe.
 26845 | Orc:1    | Bought the +8 autumn katana {vorpal, manifold assault} for
                  | 1616 gold pieces
 26845 | Orc:1    | Found the +8 autumn katana {vorpal, manifold assault}
 27043 | D:12     | Noticed Snorg
 27059 | D:12     | Killed Snorg
 27271 | D:12     | Noticed Psyche
 27279 | D:12     | Killed Psyche
 27779 | D:10     | Killed NigelTetley's ghost
 27845 | D:10     | Learned a level 6 spell: Statue Form
 27955 | D:13     | Found a portal to a secret trove of treasure.
 28203 | D:13     | Noticed Maurice
 28221 | D:13     | Killed Maurice
 28262 | D:13     | Identified the cursed +0 pair of gloves of Curses and Power
                  | {Elem, Fort} (You found it on level 11 of the Dungeon)
 28262 | D:13     | Identified the cursed +2 acid dragon scales "Ruined
                  | Together" {rCorr, Range, Elem} (You found it on level 11 of
                  | the Dungeon)
 28485 | D:13     | Noticed Jorgrun
 28505 | D:13     | Killed Jorgrun
 28724 | D:13     | Reached ****** piety under Ashenzari
 28765 | D:13     | Identified the +0 plate armour "Maan" {rElec Int+3}
 28770 | D:13     | Found a gate to the Vaults.
 28962 | D:14     | Found a shadowy altar of Dithmenos.
 29226 | D:14     | Identified the +0 plate armour "Dinuqucu" {rN+ Str+3 Slay-5
                  | SInv}
 29233 | D:14     | Reached XP level 16. HP: 124/124 MP: 26/31
 29251 | D:14     | Found Himo's Self-Improvement Boutique.
 29311 | D:15     | Entered Level 15 of the Dungeon
 29322 | D:15     | Found the +7 Spriggan's Knife {stab, EV+4 Stlth+}
 29376 | D:15     | Learned a level 2 spell: Passwall
 30187 | D:15     | Noticed Azrael
 30224 | D:15     | Killed Azrael
 30254 | D:15     | Found Vaunkur's General Store.
 30255 | D:15     | Found Ownarafi's Specific Store.
 30322 | D:15     | Found a staircase to the Depths.
 30976 | Orc:2    | Bought Great Wizards, Vol. II for 532 gold pieces
 31196 | Snake:1  | Entered Level 1 of the Snake Pit
 31317 | Snake:1  | Noticed Aizul
 31334 | Lair:4   | Killed Aizul
 31350 | Snake:1  | Found a runed translucent door.
 31351 | Snake:1  | Noticed Voveif's ghost (adept VSFi)
 31369 | Snake:1  | Killed Voveif's ghost
 32440 | Snake:2  | Found a white marble altar of Elyvilon.
 32459 | Snake:2  | Reached XP level 17. HP: 131/131 MP: 33/33
 32680 | Snake:2  | Found Cobial's Distillery.
 32680 | Snake:2  | Found Seomiw's Jewellery Shoppe.
 32680 | Snake:2  | Found Iclal's General Store.
 32683 | Snake:2  | Found Itomehui's Book Shoppe.
 33635 | Snake:3  | Reached skill level 10 in Conjurations
 33635 | Snake:3  | Reached skill level 10 in Hexes
 33635 | Snake:3  | Reached skill level 10 in Necromancy
 33635 | Snake:3  | Reached skill level 10 in Translocations
 33635 | Snake:3  | Reached skill level 10 in Transmutations
 33635 | Snake:3  | Reached skill level 10 in Fire Magic
 33635 | Snake:3  | Reached skill level 10 in Ice Magic
 33635 | Snake:3  | Reached skill level 10 in Air Magic
 33635 | Snake:3  | Reached skill level 10 in Earth Magic
 33635 | Snake:3  | Reached skill level 10 in Poison Magic
 34337 | Snake:3  | Noticed Wukum's ghost (journeyman MiFi)
 34340 | Snake:3  | Found a runed translucent gate.
 34340 | Snake:3  | Found a runed translucent gate.
 34340 | Snake:3  | Found a runed translucent gate.
 34386 | Snake:3  | Killed Wukum's ghost
 34761 | Snake:4  | Entered Level 4 of the Snake Pit
 34955 | Snake:4  | Found Uhimeag's Magic Scroll Emporium.
 34966 | Snake:4  | Bought a scroll of amnesia for 70 gold pieces
 34975 | Snake:4  | Learned a level 7 spell: Summon Hydra
 36001 | Snake:4  | Reached XP level 18. HP: 140/140 MP: 35/35
 36551 | Snake:4  | Noticed a quicksilver dragon
 36552 | Snake:4  | Noticed a quicksilver dragon
 36556 | Snake:4  | Killed a quicksilver dragon
 36561 | Snake:4  | Killed a quicksilver dragon
 36813 | Snake:4  | Got a serpentine rune of Zot
 37091 | Shoals:1 | Entered Level 1 of the Shoals
 37140 | Shoals:1 | Noticed Louise
 37180 | Shoals:1 | Killed Louise
 37584 | Shoals:1 | Found Nunutha's Weapon Shop.
 37819 | Shoals:1 | Noticed qborf's ghost (adept GnWn)
 37824 | Shoals:1 | Noticed Weimiffu's ghost (adept DDEE)
 37824 | Shoals:1 | Identified the +1 battleaxe of the Spectre {elec, rF+ rC+
                  | Str+3 Dex+2}
 37859 | Shoals:1 | Noticed Fiono's ghost (adept GnTm)
 37863 | Shoals:1 | Noticed Omuuso Hoqa's ghost (adept MiCA)
 37870 | Shoals:1 | Learned a level 5 spell: Borgnjor's Vile Clutch
 37870 | Shoals:1 | Upgraded the game from 0.28-a0-1510-gd0f6b136d3 to
                  | 0.28-a0-1518-gbe868bca14
 37874 | Shoals:1 | Found a runed translucent gate.
 37874 | Shoals:1 | Found a runed translucent gate.
 37874 | Shoals:1 | Found a runed translucent gate.
 39765 | Shoals:2 | Noticed Frances
 39776 | Shoals:2 | Killed Frances
 39849 | Shoals:3 | Found Ynnay's Antique Armour Shoppe.
 40466 | Shoals:4 | Entered Level 4 of the Shoals
 40631 | Shoals:4 | Identified the ring "Xenad" {rC+ Will+ Str+6}
 40694 | Shoals:4 | Noticed Kirke
 40703 | Shoals:4 | Reached XP level 19. HP: 112/148 MP: 36/36
 40756 | Shoals:3 | Identified the cursed +2 cloak of Toth-Mos's Legacy {Elem,
                  | Cun} (You found it on level 9 of the Dungeon)
 40756 | Shoals:3 | Identified the cursed +2 hat of Ashenzari's Oblivion
                  | {Stlth+, Alch, Elem} (You took it off Gastronok on level 1
                  | of the Lair of Beasts)
 40756 | Shoals:3 | Identified the cursed +1 kite shield "Mantic Ordeal" {Alch,
                  | Self} (You found it on level 13 of the Dungeon)
 40756 | Shoals:3 | Identified the cursed ring of Ashenzari's Ordeal {EV+4,
                  | Alch, Evo} (You found it on level 6 of the Dungeon)
 40783 | Shoals:4 | Killed Kirke
 41090 | Shoals:4 | Noticed Mlioglotl
 41117 | Shoals:4 | Killed Mlioglotl
 41143 | Shoals:4 | Identified the +4 broad axe of Derchok {pain, *Rage Int+6}
 41215 | Shoals:4 | Got a barnacled rune of Zot
 41807 | Vaults:1 | Entered Level 1 of the Vaults
 42528 | Vaults:1 | Identified the cursed +2 pair of gloves of Ashenzari's Moon
                  | {hurl, Melee, Bglg} (You found it on level 10 of the
                  | Dungeon)
 42635 | Vaults:1 | Paralysed by a sphinx for 5 turns
 42647 | Vaults:1 | Paralysed by a sphinx for 7 turns
 43362 | Vaults:1 | Identified the +8 hand axe "Welid" {speed, rPois Stlth+}
 44049 | Vaults:1 | Found the +18 shield of the Gong {rElec rN+ Will+ EV-5}
 45662 | Vaults:2 | Reached XP level 20. HP: 164/164 MP: 35/40
 45937 | Vaults:2 | Found Vaxegh's Assorted Antiques.
 46705 | Vaults:2 | Found a staircase to the Crypt.
 47031 | Vaults:3 | Reached skill level 15 in Invocations
 48663 | Vaults:3 | Found a runed translucent door.
 48665 | Vaults:3 | Found a shimmering altar of Xom.
 48665 | Vaults:3 | Noticed Totups's ghost (adept DjVM)
 48697 | Vaults:3 | Reached XP level 21. HP: 164/172 MP: 35/42
 48713 | Vaults:3 | Reached skill level 15 in Spellcasting
 49905 | Vaults:4 | Noticed Mara
 49922 | Vaults:4 | Reached skill level 15 in Dodging
 49928 | Vaults:4 | Noticed wilfster70's illusion
 49951 | Vaults:4 | Killed Mara
 50240 | Vaults:4 | Noticed Margery
 50363 | Vaults:4 | Reached skill level 15 in Stealth
 50567 | Vaults:4 | Identified Sif Muna's Almanac of Sinister Bewitchment
 50681 | Vaults:4 | Noticed Bai Suzhen
 50704 | Vaults:4 | Killed Bai Suzhen
 50780 | Vaults:4 | Paralysed by a sphinx for 2 turns
 51194 | Vaults:4 | HP: 5/170 [hell knight[Margery] (20)]
 51194 | Vaults:4 | HP: 2/170 [hell knight[Margery] (3)]
 51211 | Vaults:4 | HP: 3/172 [hell knight/bolt of fire[Margery] (14)]
 52194 | Vaults:4 | Killed from afar by Margery

Illustrated notes

Levels and vault maps discovered:
D:1:      co_arrival_square_in_a_square_in_a_square, layout_rooms,
          chequers_ecumenical_altar_simple, nicolae_shop_unique_rings
D:2:      layout_basic, basic_altar, hangedman_decor_growths,
          wander_ebering_terrifying_dragon_lair
D:3:      layout_basic, mainiacjoe_overflow_alcove_1,
          minmay_misc_feat_four_crosses, kennysheep_donut,
          small_statue_intersection
D:4:      layout_loops_cross, nicolae_overflow_hidden_temple,
          gammafunk_temple_overflow_claw, serial_shops,
          nicolae_shop_overgrown_old_shop, gup_ossuary_entry_pyramid
D:5:      black_bear_nest_1, layout_loops_ring, grunt_temple_overflow_open,
          uniq_sigmund
D:6:      layout_basic, minmay_temple_entry_trees
D:7:      layout_loops_ring, enter_bailey_6, chequers_serial_rivers_micro_a
D:8:      layout_layer_cave
D:9:      layout_gridville, uniq_prince_ribbit1, uniq_erolcha
D:10:     layout_roguey, gammafunk_ghost_berserking_beasts
D:11:     layout_cave_pools, lair_entry_dummy, orc_0_dummy
D:12:     layout_long_grid, uniq_psyche, uniq_snorg
D:13:     layout_loops_ring, ximxim_vaults_locker_room,
          nicolae_trove_entry_crossroad, uniq_jorgrun, uniq_maurice
D:14:     layout_gridville, grunt_dithmenos_smoke, nicolae_shop_self_help
D:15:     grunt_enter_depths_snipers, layout_basic, chequers_decorated_corner,
          nicolae_specific_store, nrook_guardian_serpent_double, uniq_azrael
Lair:1:   wad_woods_04, layout_loops_ring, uniq_gastronok
Lair:2:   layout_roguey [special_room_bee], minmay_shoals_entry_hut,
          basic_altar, gauntlet_entry_generic, serial_bayou_pond_b,
          chequers_serial_rivers_room_a, ice2_lemuel
Lair:3:   layout_regular_city, chequers_serial_rivers_small_b,
          hangedman_lair_unloving_vines
Lair:4:   layout_loops_ring, minmay_snake_entry_guardpost_small,
          infiniplex_staircase_pool
Lair:5:   nzn_winding_woodlands_cross
          [nzn_winding_woodlands_5x15_river_crossing,
          nzn_winding_woodlands_5x15_crooked, nzn_winding_woodlands_5x15_pool,
          nzn_winding_woodlands_5x15_pathside_ponds,
          nzn_winding_woodlands_15x15_thick_spiral], layout_gridlike
Lair:6:   minmay_lair_end_enchanted_forest, layout_loops_ring, slime_altar_1,
          lemuel_fruit_tree
Shoals:1: layout_shoals, gammafunk_ghost_cemetery, serial_shops, shop,
          st_sunken_huts, uniq_louise
Shoals:2: layout_shoals, uniq_frances
Shoals:3: layout_shoals, serial_shops, nicolae_shop_waterfront
Shoals:4: shoals_end_simple, layout_shoals, uniq_kirke, uniq_mlioglotl
Snake:1:  layout_misc_corridors, gammafunk_ghost_grave,
          beargit_elvish_explorers, uniq_aizul
Snake:2:  layout_onion, basic_altar, hangedman_venom_bottle, grunt_megastairs_3,
          minmay_shoptagon
Snake:3:  layout_misc_corridors, gammafunk_ghost_split, grunt_ministairs_9
Snake:4:  hellmonk_snake_rune_quicksilver_temple, layout_misc_corridors,
          serial_shops, shop, nicolae_snake_gridmaze_tees
Orc:1:    layout_caves, serial_shops, nicolae_shop_trees, shop_statue,
          nicolae_shop_advertising_works [nicolae_subvault_shop_adworks],
          nicolae_shop_waterfront, shop, uniq_urug
Orc:2:    st_orc_congregation, layout_caves
Vaults:1: vaults_room_stairs_pillars, ontoclasm_vaults_eye, v_misc_25,
          hellmonk_guarded_unrand_gong, v_misc_19, v_misc_11,
          layout_vaults_quadrants
Vaults:2: minmay_crypt_entry_skeletal_spiral, v_misc_5, v_misc_24,
          nicolae_vaults_little_squares_3, vaults_room_hallway,
          grunt_vaults_twisty, nicolae_vaults_little_squares_6, v_pattern_3,
          hangedman_vaults_stretched_pinwheel, vaults_room_guarded_vault,
          layout_vaults_big_room, serial_shops, nicolae_lakefront_shop
Vaults:3: ebering_ghost_xom, v_misc_32, nicolae_vaults_little_squares_2,
          nicolae_vaults_network_quincunx
          [nicolae_vaults_network_quincunx_subvault,
          nicolae_vaults_network_quincunx_subvault,
          nicolae_vaults_network_quincunx_subvault,
          nicolae_vaults_network_quincunx_subvault,
          nicolae_vaults_network_quincunx_subvault], v_rooms_1,
          hangedman_vaults_nails, vaults_mumra_minichess,
          nicolae_vaults_alarming, serial_ice_g, vaults_dpeg_encased_lava,
          layout_vaults_omnicross
Vaults:4: v_alt_pattern_3, ontoclasm_vaults_ligature, vaults_mumra_chevron_long,
          ontoclasm_vaults_twist, nicolae_vaults_circle_grid_a, v_alt_pattern_3,
          nicolae_vaults_little_squares_3,
          nicolae_vaults_windows_and_doors_thing,
          nicolae_vaults_yaktaur_gun_rack, nicolae_vaults_network_star,
          st_check, vaults_room_semicircle, v_misc_11,
          nicolae_vaults_border_crossing, nicolae_vaults_network_square,
          layout_vaults_maze, uniq_margery, uniq_bai_suzhen, uniq_mara

Skill      XL: |  1  2  3  4  5  6  7  8  9 10 11 12 13 14 15 16 17 18 19 20 21 |
---------------+----------------------------------------------------------------+-----
Spellcasting   | 5 7 8 9 10 11 12 13 14 15 | 15.4
Invocations    | 1 2 5 6 7 8 9 10 11 12 13 14 15 | 15.8
Fighting       | 1 2 5 6 7 8 9 10 11 12 13 14 | 14.6
Short Blades   | 1 2 5 6 7 8 9 10 11 12 13 14 | 14.6
Long Blades    | 1 2 5 6 7 8 9 10 11 12 13 14 | 14.6
Axes           | 1 2 5 6 7 8 9 10 11 12 13 14 | 14.6
Maces & Flails | 1 2 5 6 7 8 9 10 11 12 13 14 | 14.6
Polearms       | 1 2 5 6 7 8 9 10 11 12 13 14 | 14.6
Staves         | 1 2 5 6 7 8 9 10 11 12 13 14 | 14.6
Slings         | 1 2 5 6 7 8 9 10 11 12 13 14 | 14.6
Bows           | 1 2 5 6 7 8 9 10 11 12 13 14 | 14.6
Crossbows      | 1 2 5 6 7 8 9 10 11 12 13 14 | 14.6
Throwing       | 1 2 5 6 7 8 9 10 11 12 13 14 | 14.6
Armour         | 1 2 5 6 7 8 9 10 11 12 13 14 | 14.6
Shields        | 1 2 5 6 7 8 9 10 11 12 13 14 | 14.6
Unarmed Combat | 1 2 5 6 7 8 9 10 11 12 13 14 | 14.6
Evocations     | 1 2 5 6 7 8 9 10 11 12 13 14 | 14.6
Conjurations   | 1 4 5 6 7 8 9 10 11 12 | 12.4
Hexes          | 1 4 5 6 7 8 9 10 11 12 | 12.4
Necromancy     | 1 4 5 6 7 8 9 10 11 12 | 12.4
Translocations | 1 4 5 6 7 8 9 10 11 12 | 12.4
Transmutations | 1 4 5 6 7 8 9 10 11 12 | 12.4
Fire Magic     | 1 4 5 6 7 8 9 10 11 12 | 12.4
Ice Magic      | 1 4 5 6 7 8 9 10 11 12 | 12.4
Air Magic      | 1 4 5 6 7 8 9 10 11 12 | 12.4
Earth Magic    | 1 4 5 6 7 8 9 10 11 12 | 12.4
Poison Magic   | 1 4 5 6 7 8 9 10 11 12 | 12.4
Dodging        | 5 6 7 8 9 10 11 12 13 14 15 | 15.3
Stealth        | 6 7 8 9 10 11 12 13 14 15 | 15.2
Summonings     | 8 9 10 11 12 13 14 | 14.2

Action                   |  1- 3 |  4- 6 |  7- 9 | 10-12 | 13-15 | 16-18 | 19-21 || total
-------------------------+-------+-------+-------+-------+-------+-------+-------++-------
Melee: Dagger            |    71 |   119 |   148 |   412 |   635 |       |       ||  1385
       Bite              |     9 |     9 |    20 |    53 |   136 |   125 |   139 ||   491
       Unarmed           |     2 |       |       |       |       |       |       ||     2
       Punch             |     2 |     4 |    10 |    25 |    24 |       |       ||    65
       Katana            |       |       |       |       |   241 |  1012 |   406 ||  1659
       Trident           |       |       |       |       |       |       |   354 ||   354
Throw: Dart              |       |       |     1 |     6 |     3 |       |       ||    10
       Javelin           |       |       |       |       |       |     2 |       ||     2
 Cast: Summon Small Mamm |    21 |     3 |       |       |       |       |       ||    24
       Call Canine Famil |     3 |    10 |    13 |    54 |    46 |    13 |       ||   139
       Summon Lightning  |       |       |    21 |    94 |   127 |   109 |    94 ||   445
       Passage of Golubr |       |       |       |     2 |     3 |       |     1 ||     6
       Iron Shot         |       |       |       |       |    51 |    28 |    13 ||    92
       Irradiate         |       |       |       |       |    10 |    18 |    13 ||    41
       Statue Form       |       |       |       |       |     2 |    42 |    25 ||    69
       Passwall          |       |       |       |       |       |     2 |       ||     2
       Summon Hydra      |       |       |       |       |       |    21 |     1 ||    22
       Borgnjor's Vile C |       |       |       |       |       |    22 |   175 ||   197
       Yara's Violent Un |       |       |       |       |       |     2 |       ||     2
Invok: Curse Item        |       |     2 |     1 |     6 |     4 |     2 |     3 ||    18
       Shatter the Chain |       |       |       |     1 |     2 |     3 |     2 ||     8
Evoke: Tin of tremorston |       |       |       |     1 |     2 |       |       ||     3
       Wand              |       |       |       |       |     1 |       |       ||     1
  Use: Scroll            |     3 |     4 |     1 |     3 |     2 |     6 |     7 ||    26
       Potion            |       |     1 |     1 |     8 |     1 |     1 |     6 ||    18
 Stab: Sleeping          |     4 |     2 |     9 |    12 |    20 |    17 |     9 ||    73
       Distracted        |       |     1 |     1 |    11 |    13 |    15 |    17 ||    58
       Betrayed ally     |       |       |       |     1 |       |       |       ||     1
Armor: Robe              |    16 |    17 |    17 |    14 |       |       |       ||    64
       Acid dragon scale |       |       |       |    93 |   269 |    92 |   109 ||   563
       Skin              |       |       |       |       |     5 |   366 |   241 ||   612
Dodge: Dodged            |    91 |    77 |   106 |   541 |   893 |  1079 |   484 ||  3271
Block: Buckler           |       |       |       |       |   170 |   313 |       ||   483
       Kite shield       |       |       |       |       |       |   183 |   507 ||   690

Table legend: (Time is in decaauts)
 A = Elapsed time spent in this place.
 B = Non-inter-level travel time spent in this place.
 C = Inter-level travel time spent in this place.
 D = Time resting spent in this place.
 E = Time spent auto-exploring this place.
 F = Levels seen in this place.
 G = Mean time per level.
                   A        B        C        D        E       F      G
               +--------+--------+--------+--------+--------+-----+--------+
         Total |  53058 |  50475 |   2583 |  16066 |  13648 |  37 | 1434.0 |
       Dungeon |  16412 |  15225 |   1187 |   3095 |   7033 |  15 | 1094.1 |
          Lair |  11154 |  10487 |    667 |   3792 |   2937 |   6 | 1859.0 |
        Shoals |   4477 |   4320 |    157 |   1611 |    170 |   4 | 1119.2 |
     Snake Pit |   6426 |   6189 |    237 |   1967 |   1189 |   4 | 1606.5 |
  Orcish Mines |   2214 |   2023 |    191 |    445 |    281 |   2 | 1107.0 |
        Vaults |  10818 |  10676 |    142 |   4375 |   1960 |   4 | 2704.5 |
       Ossuary |    520 |    520 |      0 |    211 |      0 |   1 |  520.0 |
        Bailey |   1036 |   1036 |      0 |    569 |     77 |   1 | 1036.0 |
               +--------+--------+--------+--------+--------+-----+--------+

Top non-repeatable levels by time:
Vaults:1: 3295 daAuts
Vaults:3: 2894 daAuts
Vaults:4: 2497 daAuts
  Lair:5: 2307 daAuts
  Lair:2: 2266 daAuts
  Lair:6: 2256 daAuts
 Snake:4: 2151 daAuts
Vaults:2: 2130 daAuts
  Lair:1: 1771 daAuts
 Snake:2: 1593 daAuts
  Lair:4: 1582 daAuts
     D:7: 1579 daAuts
 Snake:3: 1454 daAuts
Shoals:2: 1403 daAuts
     D:4: 1347 daAuts
